 Dungeon Crawl Stone Soup version 0.29.0-4-gdea44cf6ec (webtiles) character file.

Game seed: 3192830243251886918

159 qw the Shield-Bearer (level 5, -2/45 HPs)
             Began as a Minotaur Fighter on Sept 7, 2022.
             Slain by an orc wizard
             ... wielding a +0 dagger
              (4 damage)
             ... on level 5 of the Dungeon.
             The game lasted 00:00:53 (1911 turns).

qw the Shield-Bearer (Minotaur Fighter)             Turns: 1911, Time: 00:00:54

Health: -2/45      AC:  6    Str: 27    XL:     5   Next: 17%
Magic:  4/4        EV:  6    Int:  5    God:
Gold:   105        SH: 12    Dex:  9    Spells: 4/4 levels left

rFire   . . .      SeeInvis .   Y - +0 war axe (vorpal)
rCold   . . .      Faith    +   a - +0 tower shield
rNeg    . . .      Spirit   .   b - +0 scale mail
rPois   .          Reflect  .   (helmet restricted)
rElec   .          Harm     .   (no cloak)
rCorr   .          Rampage  .   (no gloves)
Will    .....                   (no boots)
Stlth   +.........              c - amulet of Beauty {Faith Str+4 Stlth+}
HPRegen 0.15/turn               (no ring)
MPRegen 0.09/turn               (no ring)

@: no status effects
A: horns 2, retaliatory headbutt
a: no special abilities


You were on level 5 of the Dungeon.
You visited 1 branch of the dungeon, and saw 4 of its levels.

You collected 105 gold pieces.


Innate Abilities, Weirdness & Mutations

You have a pair of horns on your head.
You reflexively headbutt those who attack you in melee.


   Skills:
 - Level 3.6 Fighting
 - Level 5.0 Axes
 - Level 3.6 Armour
 - Level 1.2 Dodging
 + Level 5.3 Shields


You had 4 spell levels left.
You didn't know any spells.
Your spell library was empty.

Inventory:

Hand Weapons
 g - a +0 flail
 Y - a +0 vorpal war axe (weapon)
Armour
 a - a +0 tower shield (worn)
 b - a +0 scale mail (worn)
Jewellery
 c - the amulet of Beauty (around neck) {Faith Str+4 Stlth+}
   (You found it on level 5 of the Dungeon)

   [amulet of faith]

   It allows you to gain divine favour quickly.
   Str:       It affects your strength (+4).
   Stlth:     It makes you more stealthy.
Scrolls
 f - a scroll of identify {unknown}
Potions
 d - 2 potions of might
 e - a potion of curing {unknown}
 h - a potion of brilliance {unknown}
 i - a potion of invisibility {unknown}

Dungeon Overview and Level Annotations

Branches:
Dungeon (5/15)             Temple (0/1) D:5

Altars:

Shops:
D:1 [


Message History

Something hits you but does no damage.
You're too confused to attack without stumbling around!
There is a strange disturbance nearby!
You feel less confused.
You hear some strange, mumbled words.
A magic dart appears from out of thin air!
The magic dart hits you.
You barely miss something. You block something's attack.
You miss something.
Something hits you but does no damage. x2
You miss something. Your headbutt misses something.
You hear some strange, mumbled words.
A magic dart appears from out of thin air!
The magic dart hits you!
You barely miss something. Something hits you.
Something hits you but does no damage.
You closely miss something. Your headbutt misses something. Something hits you.
You block something's attack.
You closely miss something.
An orc wizard appears from thin air!
Reactivating autopickup.
You block the orc wizard's attack.
You hit the orc wizard. Your headbutt misses the orc wizard.
The orc wizard is moderately wounded.
You block the orc wizard's attack. The orc wizard barely misses you.
You barely miss the orc wizard.
The orc wizard is moderately wounded.
The orc wizard hits you with a +0 dagger.
You hit the orc wizard but do no damage.
The orc wizard is moderately wounded.
The orc wizard mumbles some strange words.
The orc wizard flickers and vanishes!
Deactivating autopickup; reactivate with Ctrl-A.
Something hits you but does no damage.
You barely miss something. Something hits you but does no damage.
You barely miss something. Something hits you. x2
You die...

...... #..##
.....# ##..#######
....# #........#
.... ##.......#
... #.8.8.8.#
#..}.}..#
##.8.>.8.#
#...}.}..#
#....8.8.8@#
.........){)#
#.....$........
.................
.......?......#...
.............# ##
...........##
.........##


There were no monsters in sight!

Vanquished Creatures
  An orc warrior (D:5)
  A gnoll (D:1)
  An adder (D:2)
  An orc (D:5)
  5 bats
  5 endoplasms
  A giant cockroach (D:1)
  6 goblins
  3 hobgoblins (D:1)
  5 jackals
  4 quokkas
  7 ball pythons
  2 frilled lizards (D:1)
  6 kobolds
  3 rats
51 creatures vanquished.

Vanquished Creatures (others)
  14 plants (D:2)
14 creatures vanquished.

Grand Total: 65 creatures vanquished

Notes
Turn   | Place    | Note
-------+----------+-------------------------------------------
     0 | D:1      | qw the Minotaur Fighter began the quest for the Orb.
     0 | D:1      | Reached XP level 1. HP: 19/19 MP: 0/0
     0 | D:1      | 0 ||| qw: Version: 0.1-a-108-g9e35731
     0 | D:1      | 0 ||| qw: Game counter: 6479
     0 | D:1      | 0 ||| qw: Always use a shield: true
     0 | D:1      | 0 ||| qw: God list: Ru
     0 | D:1      | 0 ||| qw: Allow faded altars: false
     0 | D:1      | 0 ||| qw: Do Orc after D:15 true
     0 | D:1      | 0 ||| qw: Do second Lair branch before Depths: true
     0 | D:1      | 0 ||| qw: Lair rune preference: random
     0 | D:1      | 0 ||| qw: Plans: Normal
     0 | D:1      | 0 ||| PLANNING D:1-11
    57 | D:1      | Reached skill level 3 in Axes
    86 | D:1      | Reached XP level 2. HP: 26/26 MP: 1/1
   124 | D:1      | 124 ||| DROPPING +0 whip.
   501 | D:1      | 501 ||| Stepping ~*~*~tactically~*~*~ (stealth).
   503 | D:1      | Reached XP level 3. HP: 31/31 MP: 2/2
   506 | D:1      | 506 ||| Stepping ~*~*~tactically~*~*~ (stealth).
   590 | D:1      | Found a faded altar of an unknown god.
   644 | D:1      | Found Hoke's Armour Boutique.
   652 | D:1      | 652 ||| SHOPLISTING +0 chain mail (63 gold, have 9).
   652 | D:1      | 652 ||| SHOPLISTING +0 plate armour of Vumpepresch {Str+3}
                  | (508 gold, have 9).
   981 | D:1      | 981 ||| READING scroll labelled VAF ZESCHYEFYM.
  1369 | D:2      | 1369 ||| Stepping ~*~*~tactically~*~*~ (stealth).
  1732 | D:2      | Reached skill level 1 in Dodging
  1732 | D:2      | Reached XP level 4. HP: 39/39 MP: 3/3
  1734 | D:2      | 1734 ||| UPGRADING to +0 tower shield.
  1750 | D:2      | 1750 ||| UPGRADING to +0 tower shield.
  1755 | D:2      | 1755 ||| DROPPING +0 buckler.
  1772 | D:2      | 1772 ||| READING scroll labelled DECAXK CUSTEA.
  1773 | D:2      | 1773 ||| DRINKING 2 fuming black potions.
  1774 | D:2      | 1774 ||| DROPPING potion of flight.
  1837 | D:3      | You fall into a shaft and drop 2 floors!
  1837 | D:5      | Entered Level 5 of the Dungeon
  1864 | D:5      | 1864 ||| DROPPING +0 vorpal flail.
  1872 | D:5      | Identified the amulet of Beauty {Faith Str+4 Stlth+}
  1875 | D:5      | Found a staircase to the Ecumenical Temple.
  1876 | D:5      | 1876 ||| PLANNING TEMPLE
  1876 | D:5      | 1876 ||| UPGRADING to amulet of Beauty {Faith Str+4
                  | Stlth+}.
  1885 | D:5      | Noticed an orc warrior
  1893 | D:5      | Killed an orc warrior
  1894 | D:5      | Reached XP level 5. HP: 21/45 MP: 4/4
  1903 | D:5      | HP: 11/45 [something/magic dart (7)]
  1905 | D:5      | HP: 5/45 [something (2)]
  1911 | D:5      | HP: 2/45 [something (2)]
  1911 | D:5      | Slain by an orc wizard

Levels and vault maps discovered:
D:1:      co_arrival_square_in_a_square_in_a_square, layout_loops_corners,
          shapermc_ecumenical_altar_starsandcircs, serial_shops, shop_statue
D:2:      layout_loops_ring, serial_bayou_pond_c, kennysheep_minor_cross,
          kennysheep_generic_room_10
D:3:      minmay_spotlight, layout_basic, led_sif_book, grunt_decor_one_mirror,
          minmay_snake_closets
D:5:      layout_cave_pods, amcnicky_altar_gilded, mainiacjoe_overflow_swirl,
          minmay_temple_entry_statues_fountains

Skill      XL: |  1  2  3  4 |
---------------+-------------+-----
Axes           | 3 4 5 |  5.0
Dodging        | 1 |  1.2
Shields        | 5 |  5.3
Fighting       | |  3.6
Armour         | |  3.6

Action                   |  1- 3 |  4- 6 || total
-------------------------+-------+-------++-------
Melee: War axe           |    88 |    19 ||   107
       Headbutt          |     6 |     2 ||     8
  Use: Scroll            |     1 |     1 ||     2
       Potion            |       |     1 ||     1
Armor: Scale mail        |    36 |    15 ||    51
Dodge: Dodged            |    29 |     8 ||    37
Block: Buckler           |    16 |       ||    16
       Tower shield      |       |    10 ||    10

Table legend:
 A = Non-vault XP
 B = Vault XP
 C = Vault XP percentage of total XP
 D = Non-vault monster count
 E = Vault monster count
 F = Vault count percentage of total count
                 A         B        C        D         E       F
            +---------+---------+-------+---------+---------+-------
      Total |     228 |       0 |   0.0 |      51 |       0 |   0.0
            +---------+---------+-------+---------+---------+-------
        D:1 |      68 |       0 |   0.0 |      34 |       0 |   0.0
        D:2 |      34 |       0 |   0.0 |      14 |       0 |   0.0
        D:3 |       2 |       0 |   0.0 |       1 |       0 |   0.0
        D:5 |     124 |       0 |   0.0 |       2 |       0 |   0.0
            +---------+---------+-------+---------+---------+-------
